 Dungeon Crawl Stone Soup version bcrawl-1.36.4 (webtiles) character file.

Game seed: 15680905139544606927

501798 XxPooperXx the Severer (level 13, -7/178 HPs)
             Began as a Minotaur Berserker on July 30, 2022.
             Was a High Priest of Trog.
             Mangled by a two-headed ogre
             ... wielding a +0 giant spiked club
              (28 damage)
             ... in the Orcish Mines.
             The game lasted 00:23:09 (12974 turns).

XxPooperXx the Severer (Minotaur Berserker)        Turns: 12974, Time: 00:23:10

Health: -7/178     AC: 14    Str: 33    XL:     13   Next: 21%
Magic:  13/13      EV: 15    Int:  4    God:    Trog [*****.]
Gold:   1260       SH:  0    Dex: 16    Spells: 12/12 levels left

rFire    . . .     SeeInvis +   a - +5 executioner's axe (chop)
rCold    . . .     Gourm    .   (shield currently unavailable)
rNeg     . . .     Faith    .   I - +0 plate armour
rPois    .         Spirit   .   (helmet restricted)
rElec    .         Reflect  .   (no cloak)
rCorr    .                      u - +2 pair of gloves
MR       +++..                  n - +1 pair of boots
Stlth    ..........             (no amulet)
HPRegen  0.79/turn              b - +7 ring of dexterity
MPRegen  0.13/turn              z - ring of see invisible

@: berserking (expiring), very quick
A: retaliatory headbutt, hooves 1, horns 2, deformed body, high mp 1,
regeneration 1
a: Berserk, Trog's Hand, Brothers in Arms, Renounce Religion


You were in the Orcish Mines.
You worshipped Trog.
Trog was extremely pleased with you.
You were hungry.

You visited 3 branches of the dungeon, and saw 14 of its levels.
You also visited: Trove and Ossuary.

You collected 2390 gold pieces.
You spent 1130 gold pieces at shops.

Inventory:

Hand Weapons
 a - a +5 executioner's axe of chopping (weapon)
 k - a +3 arbalest of freezing
 A - a +0 hand axe
 P - the +10 halberd "Gokhlay" {drain, +Blink Dex+2, unknown}
   (You found it in a treasure trove)

   A truly terrible weapon, it drains the life of those it strikes.
   It affects your dexterity (+2).
   It lets you blink.
 Q - a +3 battleaxe of chopping
Missiles
 m - 5 throwing nets {=f}
Armour
 n - a +1 pair of boots (worn)
 u - a +2 pair of gloves (worn)
 I - a +0 plate armour (worn)
Jewellery
 b - a +7 ring of dexterity (left hand)
 g - the amulet "Beuzxir" {Acrobat rPois rC+ MR-, unknown}
   (You found it in a treasure trove)

   [amulet of the acrobat]

   It helps you evade while moving and waiting.
   It protects you from cold.
   It protects you from poison.
   It affects your resistance to hostile enchantments.
 j - a +3 ring of slaying {unknown}
 z - a ring of see invisible (right hand)
 D - a cursed +5 amulet of reflection {unknown}
 E - an uncursed ring of ice
 G - an uncursed ring of fire
 H - an uncursed ring of protection from magic {unknown}
 M - an uncursed ring of positive energy {unknown}
 O - the amulet of Civvaimp {RegenMP +Inv +Fly rC+++ Dex-2, unknown}
   (You found it in a treasure trove)

   [amulet of magic regeneration]

   It increases your magic regeneration.
   It affects your dexterity (-2).
   It renders you almost immune to cold.
   It lets you turn invisible.
   It lets you fly.
Wands
 o - a wand of paralysis (8)
 s - a wand of acid (7)
 y - a wand of random effects (8)
 N - a wand of flame (21)
Scrolls
 f - a scroll of teleportation
 i - 3 scrolls of identify
 l - 2 scrolls of fear
 q - 3 scrolls of enchant armour
 r - 4 scrolls of fog
 t - 4 scrolls of remove curse
 v - 5 scrolls of magic mapping
 J - a scroll of acquirement
 L - a scroll of summoning {unknown}
Potions
 d - a potion of resistance
 h - a potion of haste
 p - 8 potions of curing
 w - 4 potions of flight {unknown}
 x - a potion of agility
 B - a potion of might
 F - 2 potions of cancellation
 K - a potion of mutation
Comestibles
 c - 32 chunks of flesh
 e - 13 rations {!d}


   Skills:
 - Level 12.3 Fighting
 * Level 17.7 Axes
 + Level 8.3 Armour
 + Level 11.8 Dodging
 - Level 2.5 Stealth
 - Level 0.2 Evocations


You had 12 spell levels left.
You didn't know any spells.
Your spell library was empty.

Dungeon Overview and Level Annotations

Branches:
Dungeon (12/12)            Temple (1/1) D:4            Lair (0/6) D:9
    Orc (1/1) D:8
    Elf: Orc:1       Vaults: D:11-12     Depths: D:12

Altars:
Ashenzari
Cheibriados
Dithmenos
Elyvilon
Fedhas
Gozag
Hepliaklqana
Kikubaaqudgha
Lugonu
Makhleb
Nemelex Xobeh
Okawaru
Qazlal
Ru
Sif Muna
Trog
Uskayaw
Vehumet
Wu Jian
Xom
Yredelemnul
Zin
The Shining One
Beogh

Shops:
D:7 [   D:9 [   D:10 ?


Innate Abilities, Weirdness & Mutations

You reflexively headbutt those who attack you in melee.
You have a pair of horns on your head.
You have large cloven feet.
Armour fits poorly on your strangely shaped body.
You have an increased reservoir of magic. (+10% MP)
Your natural rate of healing is unusually fast.


Message History

An ogre comes into view. It is wielding a +0 giant club.
The two-headed ogre closely misses you.
The two-headed ogre hits you but does no damage.
The ogre mage gestures wildly while chanting.
The ogre mage goads the two-headed ogre on!
The two-headed ogre goes berserk!
An orc comes into view. It is wielding a +0 mace.
The ogre moves out of view.
Items here: ))))) [[ ††† You are too injured to fight recklessly!
The orc shouts!
You slice the two-headed ogre!!
The two-headed ogre is moderately wounded.
You slash the ogre mage!
You hear a shout! x2; You hear two shouts!
An ogre comes into view. It is wielding a -3 giant club.
The ogre mage hits you.
* * * LOW HITPOINT WARNING * * *
The two-headed ogre hits you with a +0 giant spiked club!!
You die...

...O...........≈
##....o.........o
#................
#.............##
#..#.#........#
#.......#.[...#
#...OO))....# ##.#@#))..#
##.. #...#)##§## #....#
##.#[## # ##.....##
#...#)#### ##.......##
##..).)#.#
#.........#####....).#
..........##.........####
..........#.............#
................###....####


You could see a two-headed ogre (berserk), an ogre mage (invisible), an ogre
(wandering) and an orc.

Vanquished Creatures
  Harold (D:8)
  An ogre mage (Orc)
  6 two-headed ogres
  2 tengu warriors (D:9)
  An orc high priest (Orc)
  The ghost of petercordia3 the Grappler, a novice TrCK of Makhleb (D:8)
  A deep troll (Orc)
  2 centaur warriors (D:11)
  Nergalle (D:11)
  An unseen horror (D:12)
  A wolf spider zombie (D:8)
  Pikel (D:6)
  A cyclops (Orc)
  3 orc knights
  An orc sorcerer (Orc)
  A manticore (D:11)
  2 eyes of draining
  12 trolls
  A wolf spider simulacrum (D:11)
  A harpy skeleton (D:9)
  6 slime creatures
  A meliai zombie (D:10)
  2 hippogriffs
  5 yaks (D:7)
  2 basilisks (D:9)
  A tarantella (shapeshifter) (D:11)
  A human (D:8)
  A warg (Orc)
  3 crocodiles
  Edmund (D:6)
  Duvessa (D:5)
  An acid dragon (D:9)
  14 orc warriors
  A hornet zombie (D:10)
  2 ice beasts
  4 sky beasts
  2 black bears
  A necrophage (D:8)
  2 slaves (D:6)
  19 ogres
  A phantom (D:8)
  4 bullfrogs
  A kobold brigand (D:9)
  A gnoll sergeant (D:11)
  Dowan (D:5)
  5 centaurs
  2 scorpions
  21 killer bees
  3 wights (D:7)
  4 howler monkeys
  14 orc priests
  4 crimson imps
  4 jellies
  4 hounds
  A bullfrog skeleton (D:4)
  4 iguanas
  16 orc wizards
  5 worker ants
  A hound skeleton (D:9)
  4 mummies (Ossuary)
  11 adders
  9 gnolls
  A howler monkey skeleton (D:7)
  3 shadow imps
  2 oozes
  2 adder zombies
  An adder skeleton (D:6)
  5 worms
  3 dart slugs
  2 leopard geckos
  49 orcs
  3 giant cockroaches
  A gnoll zombie (Ossuary)
  2 goblins (D:2)
  8 hobgoblins
  17 jackals
  2 quokkas
  4 ball pythons
  3 bats
  3 frilled lizards
  4 hobgoblin zombies (Ossuary)
  8 kobolds
  A kobold zombie (Ossuary)
  An orc zombie (Ossuary)
  A quokka skeleton (D:5)
  8 rats
365 creatures vanquished.

Vanquished Creatures (collateral kills)
  A two-headed ogre (Orc)
  An orc knight (Orc)
  2 trolls (Orc)
  2 orc warriors (Orc)
  2 ogres (Orc)
  2 orc priests (Orc)
  4 mummies (Ossuary)
  An orc (Orc)
  An orc zombie (Ossuary)
16 creatures vanquished.

Vanquished Creatures (others)
  A centaur (D:6)
  An orc (D:6)
2 creatures vanquished.

Grand Total: 383 creatures vanquished

Notes
Turn   | Place    | Note
-------+----------+-------------------------------------------
     0 | D:1      | XxPooperXx the Minotaur Berserker began the quest for the
                  | Orb.
     0 | D:1      | Reached XP level 1. HP: 19/19 MP: 0/0
   279 | D:1      | Reached XP level 2. HP: 26/27 MP: 1/1
  1193 | D:2      | Reached skill level 4 in Axes
  1286 | D:2      | Reached XP level 3. HP: 31/33 MP: 2/2
  1392 | D:2      | Reached ** piety under Trog
  1408 | D:2      | Found a shattered altar of Ashenzari.
  1882 | D:2      | Reached XP level 4. HP: 41/41 MP: 3/3
  2143 | D:3      | Reached skill level 5 in Fighting
  2166 | D:3      | Found a white marble altar of Elyvilon.
  2219 | D:3      | Reached skill level 5 in Axes
  2255 | D:3      | Reached XP level 5. HP: 38/48 MP: 4/4
  2470 | D:3      | Found a bloodstained altar of Trog.
  3054 | D:4      | Noticed an ogre
  3063 | D:4      | Killed an ogre
  3064 | D:4      | Reached XP level 6. HP: 53/57 MP: 5/5
  3080 | D:4      | Reached skill level 6 in Axes
  3269 | D:4      | Got a bloodstained robe
  3296 | D:4      | Reached *** piety under Trog
  3345 | D:4      | Found a staircase to the Ecumenical Temple.
  3357 | D:4      | Reached skill level 1 in Stealth
  3453 | Temple   | Entered the Ecumenical Temple
  3703 | D:4      | Reached XP level 7. HP: 63/63 MP: 6/6
  3746 | D:4      | Reached skill level 7 in Axes
  4078 | D:5      | Entered Level 5 of the Dungeon
  4084 | D:5      | Reached skill level 5 in Dodging
  4360 | D:5      | Noticed Duvessa
  4370 | D:5      | Killed Duvessa
  4371 | D:5      | Reached skill level 8 in Axes
  4371 | D:5      | Reached XP level 8. HP: 71/71 MP: 7/7
  4427 | D:5      | Noticed Dowan
  4436 | D:5      | Killed Dowan
  5108 | D:6      | Found a sand-covered staircase.
  5124 | Ossuary  | Entered an ossuary
  5150 | Ossuary  | Reached **** piety under Trog
  5152 | Ossuary  | Reached skill level 9 in Axes
  5450 | D:6      | Noticed Pikel
  5458 | D:6      | Killed Pikel
  5459 | D:6      | Reached skill level 5 in Armour
  5459 | D:6      | Reached XP level 9. HP: 79/79 MP: 8/8
  5530 | D:6      | Reached skill level 10 in Axes
  5696 | D:6      | Found a corrupted altar of Lugonu.
  5725 | D:6      | Noticed Edmund
  5731 | D:6      | Killed Edmund
  6455 | D:7      | Reached skill level 11 in Axes
  6649 | D:7      | Found a transporter.
  6666 | D:7      | Reached XP level 10. HP: 91/91 MP: 9/9
  6744 | D:7      | Found a roughly hewn altar of Beogh.
  6744 | D:7      | Found a transporter.
  6956 | D:7      | Found Wypoosk's Armour Shoppe.
  7014 | D:7      | Reached ***** piety under Trog
  7015 | D:7      | Reached skill level 12 in Axes
  7187 | D:8      | Found an opulent altar of Gozag.
  7264 | D:8      | Found a shimmering altar of Xom.
  7560 | D:8      | Found a runed gate.
  7560 | D:8      | Found a runed gate.
  7560 | D:8      | Found a runed gate.
  7560 | D:8      | Noticed petercordia3's ghost (novice TrCK)
  7562 | D:8      | Found a basalt altar of Yredelemnul.
  7699 | D:8      | Received a gift from Trog
  7701 | D:8      | Killed petercordia3's ghost
  7702 | D:8      | Reached skill level 13 in Axes
  7900 | D:8      | Noticed Harold
  7902 | D:8      | Reached skill level 10 in Fighting
  7916 | D:8      | Killed Harold
  8126 | D:8      | Found a staircase to the Orcish Mines.
  8143 | D:8      | Found a roughly hewn altar of Beogh.
  8354 | D:8      | Found a portal to a secret trove of treasure.
  8689 | D:9      | Found a hazy altar of Hepliaklqana.
  8705 | D:9      | Noticed a two-headed ogre
  8712 | D:9      | Killed a two-headed ogre
  8713 | D:9      | Reached XP level 11. HP: 81/101 MP: 10/10
  8829 | D:9      | Found a snail-covered altar of Cheibriados.
  8842 | D:9      | Found a burning altar of Makhleb.
  8853 | D:9      | Found a shimmering altar of Xom.
  8894 | D:9      | Found Xiaqole's Armour Boutique.
  8917 | D:9      | Reached skill level 14 in Axes
  8928 | D:9      | Found a stormy altar of Qazlal.
  9067 | D:9      | Found an ancient bone altar of Kikubaaqudgha.
  9314 | D:9      | Found a staircase to the Lair.
  9485 | D:9      | Noticed a tengu warrior
  9485 | D:9      | Noticed a tengu warrior
  9502 | D:9      | Killed a tengu warrior
  9506 | D:9      | Killed a tengu warrior
  9543 | D:9      | Found a radiant altar of Vehumet.
  9543 | D:9      | Found an ornate altar of the Wu Jian Council.
  9692 | D:10     | Entered Level 10 of the Dungeon
  9774 | D:10     | Found Umoarum's Magic Scroll Boutique.
  9783 | D:10     | Bought a scroll of enchant weapon for 97 gold pieces
  9783 | D:10     | Bought a scroll of magic mapping for 45 gold pieces
  9783 | D:10     | Bought a scroll of acquirement for 676 gold pieces
 10156 | D:10     | Reached skill level 15 in Axes
 10200 | D:10     | Bought a scroll of fear for 65 gold pieces
 10200 | D:10     | Bought a scroll of identify for 26 gold pieces
 10200 | D:10     | Bought a scroll of identify for 26 gold pieces
 10200 | D:10     | Bought a scroll of identify for 26 gold pieces
 10200 | D:10     | Bought a scroll of identify for 26 gold pieces
 10200 | D:10     | Bought a scroll of identify for 26 gold pieces
 10413 | D:10     | Reached skill level 10 in Dodging
 10457 | D:10     | Found a shadowy altar of Dithmenos.
 10506 | D:10     | Received a gift from Trog
 10868 | D:11     | Noticed a centaur warrior
 10877 | D:11     | Killed a centaur warrior
 10895 | D:11     | Noticed Nergalle
 10906 | D:11     | Killed Nergalle
 10953 | D:11     | Reached XP level 12. HP: 98/112 MP: 11/11
 11222 | D:11     | Noticed a two-headed ogre
 11226 | D:11     | Killed a two-headed ogre
 11227 | D:11     | Reached skill level 16 in Axes
 11736 | D:12     | Entered Level 12 of the Dungeon
 11818 | D:12     | Noticed a catoblepas
 11936 | D:10     | Bought a scroll of teleportation for 39 gold pieces
 11936 | D:10     | Bought a scroll of teleportation for 39 gold pieces
 11936 | D:10     | Bought a scroll of teleportation for 39 gold pieces
 12035 | D:8      | You paid a toll of 11 scrolls of teleportation to enter a
                  | treasure trove
 12036 | Trove    | Entered a treasure trove
 12045 | Trove    | Got a sparkling crystal amulet
 12069 | Trove    | Got a smoking steel amulet
 12071 | Trove    | Got a brightly glowing halberd
 12551 | Orc      | Entered the Orcish Mines
 12777 | Orc      | Noticed an ogre mage
 12777 | Orc      | Noticed a two-headed ogre
 12778 | Orc      | Noticed a two-headed ogre
 12778 | Orc      | Noticed a two-headed ogre
 12778 | Orc      | Noticed a two-headed ogre
 12778 | Orc      | Noticed an orc high priest
 12782 | Orc      | Killed an ogre mage
 12786 | Orc      | Killed a two-headed ogre
 12789 | Orc      | Killed a two-headed ogre
 12789 | Orc      | Received a gift from Trog
 12792 | Orc      | Killed an orc high priest
 12793 | Orc      | Reached skill level 17 in Axes
 12795 | Orc      | Killed a two-headed ogre
 12801 | Orc      | Gained mutation: You have large cloven feet. [potion of
                  | mutation]
 12801 | Orc      | Gained mutation: Armour fits poorly on your strangely
                  | shaped body. [potion of mutation]
 12801 | Orc      | Gained mutation: Your natural rate of healing is unusually
                  | fast. [potion of mutation]
 12801 | Orc      | Gained mutation: You have an increased reservoir of magic.
                  | (+10% MP) [potion of mutation]
 12803 | Orc      | Reached XP level 13. HP: 23/119 MP: 11/13
 12974 | Orc      | Mangled by a two-headed ogre

Skill      XL: |  1  2  3  4  5  6  7  8  9 10 11 12 13 |
---------------+----------------------------------------+-----
Fighting       | 4 5 6 7 9 10 11 12 | 12.3
Axes           | 4 5 6 8 9 11 13 15 17 | 17.7
Dodging        | 3 4 5 7 8 10 11 | 11.8
Stealth        | 1 2 |  2.5
Armour         | 3 5 6 7 8 |  8.3
Evocations     | |  0.2

Action                   |  1- 3 |  4- 6 |  7- 9 | 10-12 | 13-15 || total
-------------------------+-------+-------+-------+-------+-------++-------
Melee: Hand axe          |    74 |   103 |   190 |    82 |       ||   449
       Headbutt          |    12 |    17 |    61 |   102 |     7 ||   199
       Battleaxe         |       |       |       |   237 |       ||   237
       Executioner's axe |       |       |       |    53 |    28 ||    81
Invok: Berserk           |       |     4 |     8 |     8 |     1 ||    21
       Trog's Hand       |       |       |     1 |     4 |     1 ||     6
       Brothers in Arms  |       |       |     1 |     1 |     1 ||     3
Evoke: Wand              |       |     1 |       |       |       ||     1
  Use: Scroll            |       |     6 |     2 |    15 |     2 ||    25
       Potion            |       |     1 |     1 |     4 |       ||     6
 Stab: Paralysed         |       |     3 |       |       |       ||     3
  Eat: Chunk             |     5 |     6 |    18 |    25 |     3 ||    57
       Ration            |       |     1 |     1 |     3 |       ||     5
Armor: Animal skin       |     4 |     9 |       |       |       ||    13
       Scale mail        |       |     8 |    31 |       |       ||    39
       Plate armour      |       |       |    25 |   216 |    10 ||   251
Dodge: Dodged            |    47 |    62 |   104 |   271 |    19 ||   503
